 Dungeon Sprint DCSS version 0.16.2-2-g470672f (webtiles) character file.

144 kosy22 the Covered (level 5, 0/57 HPs)
             Began as a Troll Fighter on Aug 29, 2015.
             Slain by a jelly (2 damage)
             ... in the Dungeon (Sprint V: "Ziggurat Sprint").
             The game lasted 00:03:59 (332 turns).

kosy22 the Covered (Troll Fighter)                   Turns: 332, Time: 00:04:01

Health: 0/57       AC:  0    Str: 37    XL:     5   Next: 5%
Magic:  2/2        EV:  7    Int:  4    God:
Gold:   0          SH:  0    Dex:  9    Spells: 0 memorised, 4 levels left

rFire  . . .     SeeInvis .     G - staff of energy
rCold  . . .     Clarity  .     N - +5 shadow dragon armour
rNeg   . . .     SustAb   .     O - +3 large shield
rPois  .         Gourm    +     (helmet restricted)
rElec  .         Spirit   .     R - +3 cloak of Flash {+Fly EV+4}
rCorr  .         Warding  .     (gloves unavailable)
rMut   .         NoTele   +     (boots unavailable)
MR     .....                    (no amulet)
Stlth  ++........               E - +6 ring of strength
                                F - +6 ring of strength

@: confused, corroded equipment, not resistant to hostile enchantments,
unstealthy
A: unfitting armour, claws 3, fast metabolism 3, gourmand, regeneration 2,
shaggy fur 1, tough skin 2
a: Evoke Flight


You were in the Dungeon.
You were full.

You visited 1 branch

Inventory:

Hand weapons
 a - a +0 rapier
 L - the +7 great mace "Firestarter" {flame, inner flame, rF++}
   (You found it in the Dungeon)

   It has been specially enchanted to burn those struck by it, causing extra
   injury to most foes and up to half again as much damage against particularly
   susceptible opponents.
   It greatly protects you from fire.
 M - the +14 plutonium sword {Contam Stlth-}
   (You found it in the Dungeon)

   It causes magical contamination when unequipped.
   It makes you less stealthy.
Armour
 b - a +0 robe
 c - a +0 shield
 N - a +5 shadow dragon armour (worn)
 O - a +3 large shield (worn)
 R - the +3 cloak of Flash (worn) {+Fly EV+4}
   (You found it in the Dungeon)

   It affects your evasion (+4).
   It lets you fly.
Magical staves
 G - an uncursed staff of energy (weapon)
Jewellery
 y - a +6 ring of dexterity
 B - a +6 ring of dexterity
 C - a +6 ring of intelligence
 D - a +6 ring of intelligence
 E - a +6 ring of strength (right claw)
 F - a +6 ring of strength (left claw)
Magical devices
 H - a wand of disintegration (7)
 I - a wand of fire (5)
 J - a wand of cold (5)
 K - a wand of draining (5)
Scrolls
 k - 4 scrolls of blinking
 r - 4 scrolls of amnesia
 s - 3 scrolls of recharging
 t - 7 scrolls of fog
 u - a scroll of holy word
 v - 5 scrolls of identify
 w - 5 scrolls of remove curse
 x - 2 scrolls of fear
Potions
 e - 6 potions of might
 f - 10 potions of curing
 g - 10 potions of heal wounds
 h - 6 potions of haste
 i - 7 potions of magic
 j - 3 potions of berserk rage
 l - 2 potions of brilliance
 m - 2 potions of invisibility
 n - 2 potions of restore abilities
 o - 4 potions of resistance
 p - a potion of experience
 q - 5 potions of agility
Miscellaneous
 P - a disc of storms
 Q - a crystal ball of energy
Comestibles
 d - 6 meat rations
 z - 35 fruits
 A - 4 bread rations


   Skills:
 + Level 5.0 Fighting
 + Level 3.3 Short Blades
 + Level 0.4 Staves
 + Level 5.2 Armour
 + Level 5.1 Shields


You had 4 spell levels left.
You didn't know any spells.

Dungeon Overview and Level Annotations

Branches:
Dungeon (1/1)

Altars:
Ashenzari
Cheibriados
Dithmenos
Elyvilon
Fedhas
Gozag
Kikubaaqudgha
Makhleb
Nemelex Xobeh
Okawaru
Qazlal
Ru
Sif Muna
Trog
Vehumet
Xom
Yredelemnul
Zin
The Shining One
Beogh
Jiyva
Lugonu


Innate Abilities, Weirdness & Mutations

You are too large for most types of armour.
You have claws for hands.
Your metabolism is lightning-fast.
You like to eat raw meat.
You heal very quickly.
You are covered in fur (AC +1).
You have very tough skin (AC +2).


Message History

The golden eye turns its gaze towards you.
The jelly hits you.
* * * LOW HITPOINT WARNING * * *
You are splashed with acid!
The acid burns!
* * * LOW HITPOINT WARNING * * *
You hit the jelly but do no damage.
The jelly is moderately wounded.
The jelly hits you.
* * * LOW HITPOINT WARNING * * *
You are splashed with acid!
The acid burns!
* * * LOW HITPOINT WARNING * * *
The jelly hits you but does no damage.
You hit the jelly but do no damage. The acid corrodes your equipment!
The jelly is moderately wounded.
The golden eye pulsates ominously.
The golden eye blinks!
The golden eye blinks at you.
You are more confused.
The jelly hits you.
You die...

▓▓▓▓▓▓▓▓▓▓▓▓▓
▓.8©8.▓.8©8.▓
▓.)...▓.....▓
▓.....▓.....▓
▓...G.▓.....▓
▓.....▓.....▓
▓...J.▓.....▓
▓.§.@.▓▓▓▓▓▓▓
▓▓▓▓▓▓▓


You could see a jelly and a golden eye.

Vanquished Creatures
  An eye of draining (D)
  2 jellies (D)
3 creatures vanquished.

Vanquished Creatures (others)
  A spatial maelstrom (D)
1 creature vanquished.

Grand Total: 4 creatures vanquished

Notes
Turn   | Place    | Note
--------------------------------------------------------------
     0 | D        | kosy22, the Troll Fighter, began the quest for the Orb.
     0 | D        | Reached XP level 1. HP: 22/22 MP: 1/1
     0 | D        | Found a corrupted altar of Lugonu.
     0 | D        | Found a basalt altar of Yredelemnul.
     0 | D        | Found an iron altar of Okawaru.
     0 | D        | Found a burning altar of Makhleb.
     0 | D        | Found a radiant altar of Vehumet.
     0 | D        | Banished a spatial maelstrom
     1 | D        | Found a viscous altar of Jiyva.
     1 | D        | Found a white marble altar of Elyvilon.
     3 | D        | Found a sparkling altar of Nemelex Xobeh.
     3 | D        | Found a deep blue altar of Sif Muna.
     7 | D        | Found a bloodstained altar of Trog.
     7 | D        | Found a shimmering altar of Xom.
   222 | D        | Entered arena 1.
   222 | D        | Noticed an eye of draining
   222 | D        | Noticed a jelly
   231 | D        | Killed a jelly
   231 | D        | Reached skill level 3 in Fighting
   231 | D        | Reached XP level 2. HP: 29/31 MP: 1/1
   246 | D        | Killed an eye of draining
   246 | D        | Reached skill level 4 in Fighting
   246 | D        | Reached XP level 3. HP: 37/40 MP: 0/2
   246 | D        | Reached XP level 4. HP: 45/49 MP: 0/2
   273 | D        | Entered arena 2.
   273 | D        | Noticed a golden eye
   273 | D        | Noticed a jelly
   273 | D        | Noticed a jelly
   279 | D        | Killed a jelly
   279 | D        | Reached skill level 5 in Fighting
   279 | D        | Reached skill level 5 in Armour
   279 | D        | Reached skill level 5 in Shields
   279 | D        | Reached XP level 5. HP: 55/57 MP: 2/2
   331 | D        | HP: 1/57 [acid (6)]
   332 | D        | Slain by a jelly

Action                   |  1- 3 |  4- 6 || total
-------------------------+-------+-------++-------
Melee: Rapier            |    22 |       ||    22
       Staff             |       |    24 ||    24
  Eat: Fruit             |     7 |       ||     7
